 Dungeon Crawl Stone Soup version 0.21.0 (webtiles) character file.

91 Hekarica the Shooter (level 4, 0/37 HPs)
             Began as a Centaur Hunter on May 19, 2018.
             Slain by a gnoll
             ... wielding a +0 spear
              (3 damage)
             ... on level 3 of the Dungeon.
             The game lasted 00:09:34 (1712 turns).

Hekarica the Shooter (Centaur Hunter)               Turns: 1712, Time: 00:09:35

Health: 0/37       AC:  4    Str: 14    XL:     4   Next: 34%
Magic:  4/4        EV: 10    Int: 10    God:
Gold:   119        SH:  0    Dex: 11    Spells: 3/3 levels left

rFire    . . .     SeeInvis .   b - +0 short sword
rCold    . . .     Gourm    .   (no shield)
rNeg     . . .     Faith    .   c - +0 leather armour
rPois    +         Spirit   .   (no helmet)
rElec    .         Reflect  .   (no cloak)
rCorr    .         Harm     .   (no gloves)
MR       .....                  (no barding)
Stlth    +.........             (no amulet)
HPRegen  0.12/turn              g - ring of poison resistance
MPRegen  0.09/turn              (no ring)

@: very quick
A: large, hooves 3, deformed body, speed 2, tough skin 3
a: no special abilities


You were on level 3 of the Dungeon.
You were not hungry.

You visited 1 branch of the dungeon, and saw 3 of its levels.

You collected 119 gold pieces.

Inventory:

Hand Weapons
 a - a +1 shortbow
 b - a +0 short sword (weapon)
Missiles
 d - 7 arrows
Armour
 c - a +0 leather armour (worn)
Jewellery
 g - a ring of poison resistance (left hand)
 h - an uncursed amulet of magic regeneration
Scrolls
 e - 2 scrolls of teleportation {unknown}
 j - a scroll of identify
 l - 3 scrolls of remove curse {unknown}
 m - a scroll of amnesia {unknown}
 n - a scroll of enchant armour {unknown}
 o - a scroll of enchant weapon {unknown}
Potions
 i - a potion of curing {unknown}
 k - a potion of degeneration {unknown}
Comestibles
 f - 4 rations


   Skills:
 + Level 2.8 Fighting
 + Level 0.6 Short Blades
 - Level 6.2 Bows
 * Level 2.3 Dodging
 - Level 0.4 Stealth


You had 3 spell levels left.
You didn't know any spells.

Dungeon Overview and Level Annotations

Branches:
Dungeon (3/15)

Altars:


Innate Abilities, Weirdness & Mutations

You have hooves in place of feet.
Armour fits poorly on your strangely shaped body.
You cover ground very quickly.
You have extremely tough skin. (AC +3)


Message History

The gnoll barely misses you.
You hit the gnoll. You kick the gnoll.
The gnoll is severely wounded.
The gnoll barely misses you.
You hit the gnoll but do no damage. You kick the gnoll.
You kill the gnoll!
You hit the gnoll.
The gnoll is lightly wounded.
The gnoll hits you with a whip. The gnoll closely misses you.
You hit the gnoll but do no damage.
The gnoll is lightly wounded.
The gnoll misses you.
The gnoll hits you from afar with a spear.
* * * LOW HITPOINT WARNING * * *
You hit the gnoll.
The gnoll is heavily wounded.
The gnoll hits you with a whip!
* * * LOW HITPOINT WARNING * * *
The gnoll hits you from afar with a spear.
You die...

#.# #.# #.# #.# #.#
######.######### ##
#..............## #.#
#.#######.......# #.# #@#
#.#####.# #.##g# ###.#
#...## ####.#g# #...# #.#...
#....()#####.#.# #...##
#.##.##.<......#####...
####.#.#.###.###.##.......##
g.g....)## #.# #.#####.#.##
######.#####.###.# #.#.#
.(...........# ..#.#


You could see 2 gnolls.

Vanquished Creatures
  Natasha (D:2)
  2 gnolls (D:3)
  2 adders (D:2)
  An ooze (D:1)
  2 leopard geckos (D:1)
  4 bats
  A giant cockroach (D:1)
  4 goblins
  2 jackals (D:1)
  2 kobolds
  A quokka (D:3)
  A ball python (D:2)
  A frilled lizard (D:1)
  3 rats (D:1)
27 creatures vanquished.

Notes
Turn   | Place    | Note
-------+----------+-------------------------------------------
     0 | D:1      | Hekarica the Centaur Hunter began the quest for the Orb.
     0 | D:1      | Reached XP level 1. HP: 17/17 MP: 1/1
   135 | D:1      | Reached XP level 2. HP: 15/24 MP: 2/2
   500 | D:1      | Reached skill level 6 in Bows
   714 | D:2      | Reached XP level 3. HP: 6/30 MP: 3/3
   730 | D:2      | HP: 1/30 [poisoned by an adder]
  1393 | D:2      | Noticed Natasha
  1397 | D:2      | Killed Natasha
  1518 | D:2      | Found a faded altar of an unknown god.
  1533 | D:2      | Reached XP level 4. HP: 37/37 MP: 4/4
  1712 | D:3      | Slain by a gnoll

Skill      XL: |  1  2  3 |
---------------+----------+-----
Bows           | 6 |  6.2
Dodging        | 2 |  2.3
Fighting       | |  2.8
Short Blades   | |  0.6
Stealth        | |  0.4

Action                   |  1- 3 |  4- 6 || total
-------------------------+-------+-------++-------
Melee: Short sword       |    19 |    18 ||    37
       Kick              |     1 |     4 ||     5
 Fire: Shortbow          |    48 |     7 ||    55
  Use: Scroll            |     3 |       ||     3
  Eat: Ration            |       |     1 ||     1
Armor: Leather armour    |     7 |       ||     7
Dodge: Dodged            |    12 |     9 ||    21
